 Dungeon Crawl Stone Soup version 0.28.0-53-g5a82cb258f (webtiles) character file.

Game seed: 552486415921094756

59 nickcage the Vexing (level 3, -6/16 HPs)
             Began as a Spriggan Enchanter on June 27, 2022.
             Mangled by Crazy Yiuf
             ... wielding a +2 quarterstaff of chaos
              (13 damage)
             ... on level 3 of the Dungeon.
             The game lasted 00:03:57 (1841 turns).

nickcage the Vexing (Spriggan Enchanter)            Turns: 1841, Time: 00:03:57

Health: -6/16      AC:  2    Str:  4    XL:     3   Next: 78%
Magic:  6/8        EV: 17    Int: 16    God:
Gold:   115        SH:  0    Dex: 17    Spells: 5/7 levels left

rFire   . . .      SeeInvis +   a - +1 dagger
rCold   . . .      Faith    .   (no shield)
rNeg    . . .      Spirit   .   b - +0 robe
rPois   .          Reflect  .   (helmet restricted)
rElec   .          Harm     .   i - scarf {shadows}
rCorr   .          Rampage  .   (gloves unavailable)
Will    .....                   (boots unavailable)
Stlth   +++.......              (no amulet)
HPRegen 0.05/turn               (no ring)
MPRegen 0.11/turn               (no ring)

@: very quick
A: very small, no large weapons, unfitting armour, see invisible, speed 3
a: no special abilities


You were on level 3 of the Dungeon.
You visited 1 branch of the dungeon, and saw 3 of its levels.

You collected 115 gold pieces.

Inventory:

Hand Weapons
 a - a +1 dagger (weapon)
Armour
 b - a +0 robe (worn)
 i - a scarf of shadows (worn)
Magical Staves
 f - a staff of air
Wands
 m - a wand of flame (24)
Scrolls
 d - a scroll of noise {unknown}
 e - 2 scrolls of blinking {unknown}
 j - a scroll of teleportation {unknown}
 l - a scroll of identify {unknown}
Potions
 c - a potion of invisibility
 g - 2 potions of cancellation {unknown}
 h - 2 potions of mutation {unknown}
 k - a potion of attraction {unknown}
 n - a potion of flight {unknown}


   Skills:
 - Level 1.1 Short Blades
 - Level 2.6 Dodging
 - Level 4.4 Stealth
 - Level 2.6 Spellcasting
 + Level 5.8 Hexes


You had 5 spell levels left.
You knew the following spells:

 Your Spells              Type           Power      Damage    Failure   Level
a - Ensorcelled Hibernat  Hex/Ice        22%        N/A       9%          2

Your spell library contained the following spells:

 Spells                   Type           Power      Damage    Failure   Level
 Confusing Touch          Hex            20%        N/A       5%          3
 Tukima's Dance           Hex            20%        N/A       5%          3
 Dazzling Flash           Conj/Hex       22%        N/A       19%         3
 Stone Arrow              Conj/Erth      4%         3d7       50%         3
 Animate Armour           Summ/Erth      4%         N/A       88%         4
 Lehudib's Crystal Spear  Conj/Erth      1%         10d2      100%        8


Dungeon Overview and Level Annotations

Branches:
Dungeon (3/15)

Altars:

Annotations:
D:3 1 runed translucent door, Cheops's ghost, amateur NaFi; Crazy Yiuf


Innate Abilities, Weirdness & Mutations

You are very small and have problems with some larger weapons.
You are too small for most types of armour.
You have supernaturally acute eyesight. (SInv)
You cover ground extremely quickly. (Speed+++)


Message History

The endoplasm freezes you.
You are frozen.
The endoplasm looks drowsy...
The helpless endoplasm fails to defend itself.
You impale the endoplasm!!
You kill the endoplasm!
HP restored.
n - a fuming amethyst potion
Found a stone staircase leading down.
Found a runed translucent door.
Cheops's ghost turns its malevolent gaze towards you.
You now have 115 gold pieces (gained 11).
A dart slug comes into view.
The helpless dart slug fails to defend itself.
You puncture the dart slug!
You kill the dart slug!
You see here a dart slug corpse.
Found a runed translucent door.
Found a mace.
Crazy Yiuf shouts!
You open the door.
Crazy Yiuf looks drowsy...
There is an open translucent door here.
The helpless Crazy Yiuf fails to defend himself.
You puncture Crazy Yiuf!
Crazy Yiuf is almost dead.
Crazy Yiuf closely misses you.
You hit Crazy Yiuf but do no damage.
Crazy Yiuf is almost dead.
Crazy Yiuf says, "Crazy?
Crazy!?
PORCUPINE!"
Crazy Yiuf zaps a wand.
The puff of flame hits you!
Ouch! That really hurt!
You barely miss Crazy Yiuf.
Crazy Yiuf is almost dead.
Crazy Yiuf barely misses you.
You hit Crazy Yiuf but do no damage.
Crazy Yiuf is almost dead.
Crazy Yiuf hits you with a +2 quarterstaff of chaos!
Ouch! That really hurt!
You die...

##### #..)#
#...# #.g.#
#@# ♣♣.♣
♣.♣♣ ♣♣.♣
♣.♣♣ ♣♣.♣♣
... ♣...♣♣
... ♣....♣
.. . #....#
######.###.#


You could see Crazy Yiuf.

Vanquished Creatures
  An adder (D:2)
  3 dart slugs
  2 worms (D:2)
  6 endoplasms
  3 giant cockroaches
  5 hobgoblins
  3 quokkas (D:2)
  A bat (D:1)
  A frilled lizard (D:2)
  5 goblins
  2 kobolds (D:2)
  3 rats
35 creatures vanquished.

Notes
Turn   | Place    | Note
-------+----------+-------------------------------------------
     0 | D:1      | nickcage the Spriggan Enchanter began the quest for the
                  | Orb.
     0 | D:1      | Reached XP level 1. HP: 9/9 MP: 5/5
   122 | D:1      | Found a faded altar of an unknown god.
   169 | D:1      | Reached skill level 4 in Hexes
   245 | D:1      | Reached XP level 2. HP: 11/13 MP: 6/6
   282 | D:1      | Learned a level 2 spell: Ensorcelled Hibernation
   628 | D:2      | Reached skill level 5 in Hexes
   849 | D:2      | Reached XP level 3. HP: 16/16 MP: 5/8
  1197 | D:2      | Identified the +6 hunting sling "Okoor" {vorpal, Int+2
                  | Dex+2}
  1779 | D:3      | Found a runed translucent door.
  1779 | D:3      | Noticed Cheops's ghost (amateur NaFi)
  1831 | D:3      | Found a runed translucent door.
  1832 | D:3      | Noticed Crazy Yiuf
  1841 | D:3      | Mangled by Crazy Yiuf

Illustrated notes

Levels and vault maps discovered:
D:1:      dpeg_arrival_rooms_with_view, layout_rooms,
          ebering_ecumenical_altar_box
D:2:      layout_loops_ring
D:3:      layout_rooms, gammafunk_ghost_grave, uniq_crazy_yiuf_cottage

Skill      XL: |  1  2 |
---------------+-------+-----
Hexes          | 4 5 |  5.8
Short Blades   | |  1.1
Dodging        | |  2.6
Stealth        | |  4.4
Spellcasting   | |  2.6

Action                   || total
-------------------------++-------
Melee: Dagger            ||    74
 Cast: Ensorcelled Hiber ||    20
 Stab: Sleeping          ||    28
Armor: Robe              ||     7
Dodge: Dodged            ||    35
